 Dungeon Crawl Stone Soup version 0.29.1-2-gbd0b4ee654 (webtiles) character file.

Game seed: 7295532456522438965

64 DemonSlayer the Firebug (level 3, 0/24 HPs)
             Began as a Demonspawn Fire Elementalist on Oct 31, 2022.
             Slain by Robin
             ... wielding a +2 spear of freezing
              (7 damage)
             ... on level 2 of the Dungeon.
             The game lasted 00:03:42 (2047 turns).

DemonSlayer the Firebug (DsFE)                      Turns: 2047, Time: 00:03:44

Health: 0/24       AC:  3    Str:  8    XL:     3   Next: 91%
Magic:  1/6        EV: 12    Int: 18    God:
Gold:   83         SH:  0    Dex: 13    Spells: 4/7 levels left

rFire   . . .      SeeInvis .   d - +0 dagger
rCold   . . .      Faith    .   (no shield)
rNeg    . . .      Spirit   .   a - +0 robe
rPois   .          Reflect  .   e - +0 hat
rElec   .          Harm     .   j - +0 cloak
rCorr   .          Rampage  .   (no gloves)
Will    .....                   (no boots)
Stlth   ++........              (no amulet)
HPRegen 0.08/turn               (no ring)
MPRegen 0.10/turn               (no ring)

@: no status effects
A: antennae 1, powered by death 1
a: no special abilities


You were on level 2 of the Dungeon.
You visited 1 branch of the dungeon, and saw 3 of its levels.

You collected 83 gold pieces.

Inventory:

Hand Weapons
 d - a +0 dagger (weapon)
Armour
 a - a +0 robe (worn)
 e - a +0 hat (worn)
 j - a +0 cloak (worn)
Scrolls
 c - 2 scrolls of identify {unknown}
 f - a scroll of poison {unknown}
 k - a scroll of enchant weapon {unknown}
Potions
 b - a potion of haste {unknown}
 g - a potion of flight {unknown}
 i - a potion of curing {unknown}


   Skills:
 + Level 0.2 Fighting
 + Level 0.3 Short Blades
 + Level 2.1 Dodging
 + Level 2.1 Stealth
 + Level 2.5 Spellcasting
 + Level 1.2 Conjurations
 + Level 3.5 Fire Magic


You had 4 spell levels left.
You knew the following spells:

 Your Spells              Type           Power      Damage    Failure   Level
a - Foxfire               Conj/Fire      40%        2x1d6     6%          1
b - Scorch                Fire           30%        2d7       6%          2

Your spell library contained the following spells:

 Spells                   Type           Power      Damage    Failure   Level
 Conjure Flame            Conj/Fire      10%        6-21      19%         3
 Inner Flame              Hex/Fire       8%         N/A       26%         3
 Confusing Touch          Hex            2%         N/A       45%         3
 Flame Wave               Conj/Fire      10%        2d6       54%         4
 Summon Forest            Summ/Tloc      1%         N/A       99%         5
 Yara's Violent Unravell  Hex/Tmut       1%         3d3       99%         5
 Eringya's Noxious Bog    Tmut/Pois      1%         N/A       100%        6
 Enfeeble                 Hex            1%         N/A       100%        7
 Summon Hydra             Summ           1%         N/A       100%        7


Dungeon Overview and Level Annotations

Branches:
Dungeon (3/15)

Altars:

Annotations:
D:2 Robin


Innate Abilities, Weirdness & Mutations

You have a pair of small antennae on your head.
You regenerate a little health from kills.


Message History

You are out of magic!
You are out of magic!
The goblin barely misses you.
You barely miss the goblin. The goblin hits you but does no damage.
You hit the goblin.
You kill the goblin!
Robin roars a battlecry!
The hobgoblin goes into a battle-frenzy!
You hear a shout!
You hit the hobgoblin.
The hobgoblin is moderately wounded.
The hobgoblin barely misses you.
Robin hits you from afar with a +2 spear of freezing.
Robin freezes you.
Okay, then.
You closely miss the hobgoblin. The hobgoblin hits you.
Robin roars a battlecry!
The goblin goes into a battle-frenzy!
The hobgoblin attacks as you move away! The hobgoblin closely misses you.
Robin throws the goblin at you!
You closely miss the goblin. The hobgoblin closely misses you.
The goblin barely misses you.
You barely miss the goblin.
The hobgoblin hits you but does no damage.
The goblin hits you with a +0 club.
Robin hits you from afar with a +2 spear of freezing.
Robin freezes you.
You hit the goblin.
The goblin is moderately wounded.
The hobgoblin closely misses you. The goblin hits you with a +0 club.
* * * LOW HITPOINT WARNING * * *
Robin misses you.
You are too injured to fight recklessly!
You are too injured to fight recklessly!
You hit the goblin.
You kill the goblin!
The hobgoblin hits you.
* * * LOW HITPOINT WARNING * * *
Robin hits you from afar with a +2 spear of freezing!
You die...

####..#.## #.##...## #..#.#
.#..... #..#.# ....... #..#.##
#.Sgg. #.....## #.gg# #...#..##
# #.{# #..###... #.
#.############...#..##
.!.##.####!)gg@)........#...##
............##############.)...
#######.###.# ###### #.# #g###
#.# #...# #.# ###.# #.# #.#
#.#####g####### ##.gg..S......#


You could see Robin and a hobgoblin (strong).

Vanquished Creatures
  Natasha (D:2)
  3 ball pythons (D:1)
  3 endoplasms
  9 goblins
  7 hobgoblins
  3 jackals
  A kobold (D:1)
  A quokka (D:1)
  2 bats (D:1)
  A frilled lizard (D:3)
  2 rats (D:1)
33 creatures vanquished.

Vanquished Creatures (others)
  54 foxfires
54 creatures vanquished.

Grand Total: 87 creatures vanquished

Notes
Turn   | Place    | Note
-------+----------+-------------------------------------------
     0 | D:1      | DemonSlayer the Demonspawn Fire Elementalist began the
                  | quest for the Orb.
     0 | D:1      | Reached XP level 1. HP: 13/13 MP: 3/3
   172 | D:1      | Reached skill level 3 in Fire Magic
   307 | D:1      | Gained mutation: You have a pair of small antennae on your
                  | head. [demonic ancestry]
   307 | D:1      | Reached XP level 2. HP: 19/19 MP: 1/5
   310 | D:1      | Learned a level 2 spell: Scorch
   404 | D:1      | Found a faded altar of an unknown god.
  1684 | D:2      | Noticed Natasha
  1692 | D:2      | Noticed a crimson imp
  1705 | D:2      | Noticed a crimson imp
  1707 | D:2      | Killed Natasha
  1708 | D:2      | Gained mutation: You regenerate a little health from kills.
                  | [demonic ancestry]
  1708 | D:2      | Reached XP level 3. HP: 22/24 MP: 6/6
  1838 | D:2      | Noticed Robin
  2047 | D:2      | Slain by Robin

Illustrated notes

Levels and vault maps discovered:
D:1:      onia_arrival_handbag, layout_basic, nicolae_ecumenical_snake_handling
D:2:      layout_loops_ring, uniq_crazy_yiuf_cottage, uniq_natasha, uniq_robin
D:3:      wander_river, layout_rooms, serial_shops, shop, uniq_terence

Skill      XL: |  1  2 |
---------------+-------+-----
Fire Magic     | 3 |  3.5
Dodging        | 2 |  2.1
Stealth        | 2 |  2.1
Fighting       | |  0.2
Short Blades   | |  0.3
Spellcasting   | |  2.5
Conjurations   | |  1.2

Action                   || total
-------------------------++-------
Melee: Unarmed           ||     2
       Dagger            ||    54
 Cast: Foxfire           ||    34
       Scorch            ||    20
  Use: Potion            ||     3
Armor: Robe              ||    16
Dodge: Dodged            ||    74
